 Dungeon Crawl Stone Soup version 0.28.0-1-gb440e238dd (webtiles) character file.

Game seed: 14781582795309816048

7338 pkoi the Zephyrmancer (level 10, 0/69 HPs)
             Began as a Purple Draconian Air Elementalist on Feb 19, 2022.
             Was a Believer of Sif Muna.
             Slain by a seven-headed hydra (10 damage)
             ... on level 11 of the Dungeon.
             The game lasted 00:20:15 (17683 turns).

pkoi the Zephyrmancer (DrAE)                       Turns: 17683, Time: 00:20:15

Health: 0/69       AC: 10    Str: 12    XL:     10   Next: 91%
Magic:  2/24       EV: 12    Int: 19    God:    Sif Muna [**....]
Gold:   636        SH:  0    Dex: 17    Spells: 16/30 levels left

rFire   . . .      SeeInvis +   k - +3 whip (elec)
rCold   . . .      Faith    .   (no shield)
rNeg    . . .      Spirit   .   (armour unavailable)
rPois   .          Reflect  .   (helmet restricted)
rElec   .          Harm     .   n - +2 cloak
rCorr   .          Rampage  .   (no gloves)
Will    +....                   (no boots)
Stlth   ++........              t - amulet of the acrobat
HPRegen 0.21/turn               x - ring of see invisible
MPRegen 0.19/turn               z - +6 ring of dexterity

@: short of breath
A: breathe power, AC +7, unfitting armour, cold-blooded
a: Breathe Dispelling Energy, Renounce Religion, Channel Magic


You were on level 11 of the Dungeon.
You worshipped Sif Muna.
Sif Muna was pleased with you.
You visited 2 branches of the dungeon, and saw 12 of its levels.

You collected 636 gold pieces.

Inventory:

Hand Weapons
 a - a +0 vampiric club
 i - a +2 hunting sling of freezing
 k - a +3 whip of electrocution (weapon)
 w - a +0 short sword of venom
Missiles
 j - 2 curare-tipped darts
 o - 36 poisoned darts
Armour
 n - a +2 cloak (worn)
Jewellery
 m - an amulet of guardian spirit
 t - an amulet of the acrobat (around neck)
 x - a ring of see invisible (left hand)
 z - a +6 ring of dexterity (right hand)
Wands
 f - a wand of charming (8)
 p - a wand of paralysis (14)
 u - a wand of polymorph (1)
Scrolls
 c - 3 scrolls of teleportation
 g - 2 scrolls of amnesia
 h - a scroll of enchant weapon
Potions
 b - a potion of haste
 d - a potion of heal wounds
 e - a potion of lignification
 l - 2 potions of flight
 q - a potion of invisibility {unknown}
 s - 4 potions of curing


   Skills:
 - Level 1.7 Dodging
 - Level 1.7 Stealth
 + Level 10.7 Spellcasting
 + Level 3.5 Conjurations
 + Level 1.9 Transmutations
 + Level 13.1 Air Magic
 + Level 1.9 Earth Magic
 + Level 2.1 Poison Magic


You had 16 spell levels left.
You knew the following spells:

 Your Spells              Type           Power      Damage    Failure   Level
a - Poisonous Vapours     Pois/Air       78%        N/A       1%          2
b - Airstrike             Air            28%        N/A       1%          4
c - Swiftness             Air            57%        N/A       1%          3
d - Passwall              Tmut/Erth      14%        N/A       4%          2
e - Stone Arrow           Conj/Erth      40%        3d9       7%          3

Your spell library contained the following spells:

 Spells                   Type           Power      Damage    Failure   Level
 Shock                    Conj/Air       100%       1d9       1%          1
 Corpse Rot               Necr/Air       70%        N/A       1%          2
 Static Discharge         Conj/Air       41%        N/A       1%          2
 Sandblast                Erth           34%        2d9       3%          1
 Borgnjor's Revivificati  Necr           5%         N/A       100%        8
 Necromutation            Tmut/Necr      6%         N/A       100%        8
 Death's Door             Necr           5%         N/A       100%        9


Dungeon Overview and Level Annotations

Branches:
Dungeon (11/15)            Temple (1/1) D:6
   Lair: D:8-11         Orc: D:9-12

Altars:
Ashenzari
Cheibriados
Dithmenos
Elyvilon
Fedhas
Gozag
Hepliaklqana
Kikubaaqudgha
Nemelex Xobeh
Okawaru
Qazlal
Ru
Sif Muna
Trog
Uskayaw
Vehumet
Wu Jian
Xom
Yredelemnul
The Shining One

Annotations:
D:2 Terence
D:6 2 runed translucent doors, zeram's ghost, novice GrFi


Innate Abilities, Weirdness & Mutations

You can breathe bolts of dispelling energy.
Your rich purple scales are hard. (AC +7)
You cannot fit into any form of body armour.
You are cold-blooded and may be slowed by cold attacks.


Message History

The seven-headed hydra bites you!
* * * LOW HITPOINT WARNING * * *
The seven-headed hydra barely misses you.
The seven-headed hydra bites you but does no damage.
The seven-headed hydra bites you!
* * * LOW HITPOINT WARNING * * *
The seven-headed hydra bites you but does no damage.
The seven-headed hydra bites you.
* * * LOW HITPOINT WARNING * * *
Aiming: Airstrike (safe; 1% risk of failure)
Press: ? - help, Q - select action, (/) - cycle Dir - move target, f/p - seven-headed hydra
Aim: a seven-headed hydra (severely wounded, empty space bonus: 7/8)
The air twists around and strikes the seven-headed hydra!
The seven-headed hydra is almost dead.
The seven-headed hydra bites you but does no damage.
The seven-headed hydra bites you!
* * * LOW HITPOINT WARNING * * *
The seven-headed hydra barely misses you.
The seven-headed hydra bites you but does no damage.
The seven-headed hydra bites you.
* * * LOW HITPOINT WARNING * * *
The seven-headed hydra bites you.
* * * LOW HITPOINT WARNING * * *
The seven-headed hydra bites you but does no damage.
Unknown command.
You don't have enough magic to cast this spell.
You don't have enough magic to cast this spell.
Unknown command.
Okay, then.
Aiming: Breathe Dispelling Energy (3% risk of failure)
Press: ? - help, Shift-Dir - straight line, f/p - seven-headed hydra
Aim: a seven-headed hydra (almost dead, 84% to hit)
You breathe a bolt of dispelling energy.
The bolt of dispelling energy hits the seven-headed hydra!
The seven-headed hydra is almost dead.
The seven-headed hydra bites you but does no damage.
The seven-headed hydra bites you!
* * * LOW HITPOINT WARNING * * *
The seven-headed hydra bites you!
You die...

##########
#........#
#........###
#......@.<.#
#......D.#.#
#(.......#.#
.........#.#
#........#.+
#######.####
#...# #.###
#.# ##


You could see a seven-headed hydra.

Vanquished Creatures
  Erolcha (D:9)
  3 two-headed ogres
  Pikel (D:4)
  Maurice (D:8)
  Maggie (D:8)
  2 trolls
  Eustachio (D:3)
  A steam dragon (D:6)
  Menkaure (D:7)
  4 water moccasins
  3 orc warriors
  A black bear (D:6)
  2 sky beasts
  A necrophage (D:3)
  An ogre (D:5)
  3 centaurs
  5 kobold brigands (D:8)
  4 bullfrogs
  3 killer bees (D:8)
  An electric eel (D:7)
  2 howler monkeys (D:9)
  A bullfrog zombie (D:5)
  A centaur zombie (D:9)
  2 hounds (D:5)
  A jelly (D:7)
  3 orc priests
  A centaur skeleton (D:7)
  A gnoll shaman (D:7)
  3 iguanas
  Natasha (thrice) (D:4)
  6 orc wizards
  A killer bee zombie (D:7)
  3 howler monkey zombies
  5 gnolls
  7 adders
  2 shadow imps
  2 white imps (D:7)
  An ufetubus (D:4)
  A worm (D:3)
  3 dart slugs
  18 orcs
  6 ball pythons
  4 bats
  8 endoplasms
  5 giant cockroaches
  11 goblins
  10 hobgoblins
  6 jackals
  31 kobolds
  A quokka (D:5)
  6 frilled lizards
  8 rats
203 creatures vanquished.

Vanquished Creatures (others)
  6 fungi (D:4)
  A withered plant (D:4)
7 creatures vanquished.

Grand Total: 210 creatures vanquished

Notes
Turn   | Place    | Note
-------+----------+-------------------------------------------
     0 | D:1      | pkoi the Draconian Air Elementalist began the quest for the
                  | Orb.
     0 | D:1      | Reached XP level 1. HP: 14/14 MP: 3/3
   407 | D:1      | Reached XP level 2. HP: 19/20 MP: 1/5
  1024 | D:1      | Reached skill level 4 in Air Magic
  1305 | D:1      | Reached XP level 3. HP: 26/26 MP: 0/6
  2114 | D:2      | Noticed Terence
  2453 | D:2      | Reached XP level 4. HP: 33/33 MP: 1/7
  2659 | D:2      | Reached skill level 5 in Air Magic
  3624 | D:3      | Learned a level 4 spell: Airstrike
  4593 | D:4      | Noticed a necrophage
  4614 | D:3      | Killed a necrophage
  4615 | D:3      | Reached skill level 6 in Air Magic
  4615 | D:3      | Reached XP level 5. HP: 24/38 MP: 1/8
  5448 | D:4      | Reached XP level 6. HP: 45/45 MP: 9/9
  5489 | D:4      | Noticed Eustachio
  5735 | D:2      | Found a shimmering blue altar of Sif Muna.
  5972 | D:2      | Became a worshipper of Sif Muna the Loreminder
  6111 | D:2      | Learned a level 3 spell: Swiftness
  6216 | D:4      | Noticed Pikel
  6273 | D:4      | Noticed Natasha
  6283 | D:4      | Killed Natasha
  6287 | D:4      | Noticed Natasha
  6295 | D:4      | Killed Natasha
  6296 | D:4      | Reached skill level 7 in Air Magic
  6350 | D:4      | Killed Pikel
  6351 | D:4      | Reached skill level 8 in Air Magic
  6351 | D:4      | Your scales start taking on a rich purple colour.
  6351 | D:4      | Reached XP level 7. HP: 22/50 MP: 1/10
  6562 | D:4      | Reached skill level 9 in Air Magic
  6658 | D:4      | Noticed Natasha
  6662 | D:4      | Killed Natasha
  6749 | D:4      | Found a basalt altar of Yredelemnul.
  6882 | D:4      | Found a white marble altar of Elyvilon.
  7077 | D:5      | Entered Level 5 of the Dungeon
  7420 | D:3      | Killed Eustachio
  7421 | D:3      | Reached XP level 8. HP: 48/57 MP: 2/13
  8547 | D:6      | Reached skill level 10 in Air Magic
  8725 | D:5      | Reached skill level 5 in Spellcasting
  8984 | D:6      | Found a broken altar of Ashenzari.
  9253 | D:6      | Reached * piety under Sif Muna
  9588 | D:6      | Found a large runed translucent door.
  9588 | D:6      | Found a large runed translucent door.
  9588 | D:6      | Noticed zeram's ghost (novice GrFi)
  9743 | D:6      | Found a staircase to the Ecumenical Temple.
  9791 | Temple   | Entered the Ecumenical Temple
 10277 | D:7      | Reached XP level 9. HP: 62/62 MP: 5/18
 11166 | D:7      | Reached skill level 11 in Air Magic
 11250 | D:7      | Noticed Menkaure
 11253 | D:7      | Killed Menkaure
 11774 | D:7      | Found a shadowy altar of Dithmenos.
 12988 | D:8      | Noticed Maggie
 13006 | D:8      | Killed Maggie
 13483 | D:8      | Noticed a two-headed ogre
 13488 | D:8      | Killed a two-headed ogre
 13489 | D:8      | Reached skill level 12 in Air Magic
 13771 | D:8      | Noticed Maurice
 13783 | D:8      | Killed Maurice
 13784 | D:8      | Reached XP level 10. HP: 62/69 MP: 4/23
 13950 | D:8      | Noticed a two-headed ogre
 14007 | D:8      | Killed a two-headed ogre
 14138 | D:8      | Found an ancient bone altar of Kikubaaqudgha.
 14138 | D:8      | Found a hazy altar of Hepliaklqana.
 14139 | D:8      | Found an ornate altar of the Wu Jian Council.
 14394 | D:8      | Reached ** piety under Sif Muna
 14654 | D:8      | Reached skill level 10 in Spellcasting
 15230 | D:9      | Noticed a two-headed ogre
 15234 | D:9      | Killed a two-headed ogre
 15852 | D:8      | Learned a level 2 spell: Poisonous Vapours
 15855 | D:8      | Learned a level 2 spell: Passwall
 15859 | D:8      | Learned a level 3 spell: Stone Arrow
 15964 | D:9      | Reached skill level 13 in Air Magic
 16176 | D:9      | Noticed Erolcha
 16210 | D:9      | Killed Erolcha
 16211 | D:9      | Reached skill level 1 in Transmutations
 16211 | D:9      | Reached skill level 1 in Earth Magic
 16211 | D:9      | Reached skill level 1 in Poison Magic
 17144 | D:10     | Entered Level 10 of the Dungeon
 17654 | D:11     | Noticed a seven-headed hydra
 17683 | D:11     | Slain by a seven-headed hydra

Illustrated notes

Levels and vault maps discovered:
D:1:      matt_arrival_los_fun, layout_basic,
          hangedman_abyss_or_decor_lesser_grid, hangedman_feature_mirror,
          minmay_unequal
D:2:      layout_basic, basic_altar, hangedman_decor_slide_cut,
          dk_noncrumbling_2, uniq_terence
D:3:      layout_basic
D:4:      layout_rooms, yredelemnul_altar_generic,
          mainiacjoe_overflow_boulevard, portal_sewer_entry_d, sigmund_army,
          uniq_natasha, uniq_pikel, uniq_eustachio
D:5:      layout_loops_ring
D:6:      layout_rooms, nicolae_ashenzari_panopticon,
          minmay_temple_entry_antechambers, ebering_ghost_disaster_area,
          grunt_ministairs_9
D:7:      layout_layer_cave, mainiacjoe_overflow_cross_hatched,
          minmay_misc_feat_hallway, minivault_4, minmay_fountain_box,
          kennysheep_generic_room_4, uniq_menkaure
D:8:      layout_cave_pods, gammafunk_temple_overflow_claw, uniq_maggie,
          uniq_maurice
D:9:      layout_rooms, uniq_erolcha
D:10:     layout_basic, chequers_temple_overflow_minitemple,
          serial_bayou_lagoon_a, st_stairs_2
D:11:     layout_roguey, dpeg_lair_monsters, uniq_psyche
Temple:   hc_temple_tempest_star

Skill      XL: |  1  2  3  4  5  6  7  8  9 10 |
---------------+-------------------------------+-----
Air Magic      | 4 6 8 9 10 12 13 | 13.1
Spellcasting   | 3 6 9 10 | 10.7
Conjurations   | 3 |  3.5
Transmutations | 1 |  1.9
Earth Magic    | 1 |  1.9
Poison Magic   | 2 |  2.1
Dodging        | |  1.7
Stealth        | |  1.7

Action                   |  1- 3 |  4- 6 |  7- 9 | 10-12 || total
-------------------------+-------+-------+-------+-------++-------
Melee: Club              |    25 |    18 |       |       ||    43
       Tailslap          |     4 |     4 |     3 |    12 ||    23
       Unarmed           |     2 |       |       |       ||     2
       Whip              |       |       |    41 |    64 ||   105
 Fire: Hunting sling     |       |    38 |       |       ||    38
 Cast: Shock             |    73 |   116 |    33 |       ||   222
       Airstrike         |       |       |   104 |    76 ||   180
       Poisonous Vapours |       |       |       |     3 ||     3
 Abil: Breathe Dispellin |       |       |     2 |     2 ||     4
  Use: Scroll            |       |       |    11 |     5 ||    16
       Potion            |       |       |     6 |       ||     6
Armor: Skin              |    11 |    23 |    23 |    36 ||    93
Dodge: Dodged            |    20 |    46 |    53 |    56 ||   175
